 Dungeon Crawl Stone Soup version 0.21.1-1-g345015f (webtiles) character file.

103 Britaniac the Digger (level 4, 0/30 HPs)
             Began as a Demonspawn Earth Elementalist on May 9, 2018.
             Was an Initiate of Vehumet.
             Slain by a wyvern zombie (8 damage)
             ... on level 3 of the Dungeon.
             The game lasted 00:06:02 (2225 turns).

Britaniac the Digger (DsEE)                         Turns: 2225, Time: 00:06:03

Health: 0/30       AC:  5    Str: 16    XL:     4   Next: 51%
Magic:  3/8        EV: 17    Int: 18    God:    Vehumet [......]
Gold:   85         SH:  7    Dex: 18    Spells: 4/8 levels left

rFire    . . .     SeeInvis .   t - +1 mace
rCold    . . .     Gourm    .   j - +2 buckler
rNeg     . . .     Faith    .   c - +0 robe
rPois    .         Spirit   .   (no helmet)
rElec    .         Reflect  .   s - +0 cloak
rCorr    .         Harm     .   (no gloves)
MR       .....                  (no boots)
Stlth    +++.......             (no amulet)
HPRegen  0.10/turn              i - +3 ring of strength
MPRegen  0.11/turn              (no ring)

@: mighty, agile
A: molten scales 1, powered by death 1, powered by pain 1
a: Renounce Religion


You were on level 3 of the Dungeon.
You worshipped Vehumet.
Vehumet was noncommittal.
You were not hungry.

You visited 1 branch of the dungeon, and saw 3 of its levels.

You collected 85 gold pieces.

Inventory:

Hand Weapons
 t - a +1 mace (weapon)
Missiles
 b - 33 stones (quivered)
Armour
 c - a +0 robe (worn)
 j - a +2 buckler (worn)
 s - a +0 cloak (worn)
Jewellery
 i - a +3 ring of strength (left hand)
Scrolls
 a - a scroll of fog
 f - a scroll of magic mapping
 h - a scroll of identify
 n - a scroll of remove curse
Potions
 g - 2 potions of haste
 k - 2 potions of resistance
 o - 3 potions of agility
 r - a potion of cancellation
Books
 e - a book of Geomancy

   Spells                             Type                      Level
   a - Sandblast                      Earth                        1
   b - Passwall                       Transmutation/Earth          2
   c - Stone Arrow                    Conjuration/Earth            3
   d - Petrify                        Transmutation/Earth          4
   e - Lee's Rapid Deconstruction     Earth                        5
Comestibles
 d - 5 rations
 p - 10 chunks of flesh


   Skills:
 - Level 1.7 Dodging
 - Level 1.7 Stealth
 * Level 2.2 Shields
 + Level 2.9 Spellcasting
   Level 0.8 Transmutations
 + Level 3.5 Earth Magic


You had 4 spell levels left.
You knew the following spells:

 Your Spells              Type           Power        Failure   Level  Hunger
a - Sandblast             Erth           ###...       4%          1    None
b - Stone Arrow           Conj/Erth      #.....       30%         3    ###....


Dungeon Overview and Level Annotations

Branches:
Dungeon (3/15)

Altars:
Dithmenos
Qazlal
Ru
Trog
Vehumet


Innate Abilities, Weirdness & Mutations

You are partially covered in molten scales. (AC +2)
You regenerate a little health from kills.
You sometimes gain a little power by taking damage.


Message History

You feel very mighty all of a sudden.
Casting: Sandblast
Confirm with . or Enter, or press ? or * to list all spells.
Aiming: Sandblast
Press: ? - help, Shift-Dir - straight line, f/p - wyvern zombie
Aim: a wyvern zombie (heavily damaged)
The blast of sand hits the wyvern zombie.
The wyvern zombie is severely damaged.
b - 34 stones The wyvern zombie bites you but does no damage.
Casting: Sandblast
Confirm with . or Enter, or press ? or * to list all spells.
Aiming: Sandblast
Press: ? - help, Shift-Dir - straight line, f/p - wyvern zombie
Aim: a wyvern zombie (severely damaged)
The blast of sand hits the wyvern zombie.
The wyvern zombie is severely damaged.
b - 33 stones The wyvern zombie bites you!
You die...

#.# #....# . #.#
#..##..# #.# ###..##..#
#.###..........
##.##.....##....
#.......#.# ..#
#..##....#.. ##
#..##..##.##..
.########..#Z@.##.# .#
.#
#.......#............ #
..# #.............#...(
.#.#
#.###.#.....##.....
.#.###.#
#)#..?..##...##
....##.# #.#.#..#..#..#
....##.###.#.#........#
........#....#...... ##
.....รท..........###


You could see a wyvern zombie.

Vanquished Creatures
  Crazy Yiuf (D:2)
  2 adders (D:2)
  A worm (D:2)
  3 dart slugs (D:1)
  4 leopard geckos
  3 giant cockroaches (D:2)
  2 goblins (D:1)
  5 hobgoblins
  4 jackals (D:1)
  5 kobolds
  A quokka (D:2)
  7 bats
  7 rats
45 creatures vanquished.

Notes
Turn   | Place    | Note
-------+----------+-------------------------------------------
     0 | D:1      | Britaniac the Demonspawn Earth Elementalist began the quest for the Orb.
     0 | D:1      | Reached XP level 1. HP: 13/13 MP: 3/3
   264 | D:1      | Reached skill level 3 in Earth Magic
   264 | D:1      | Gained mutation: You regenerate a little health from kills. [demonic ancestry]
   264 | D:1      | Reached XP level 2. HP: 19/19 MP: 0/5
   707 | D:1      | Reached skill level 1 in Shields
  1160 | D:2      | Gained mutation: You sometimes gain a little power by taking damage. [demonic ancestry]
  1160 | D:2      | Reached XP level 3. HP: 24/24 MP: 4/6
  1488 | D:2      | Found a shadowy altar of Dithmenos.
  1514 | D:2      | Found a sacrificial altar of Ru.
  1528 | D:2      | Found a bloodstained altar of Trog.
  1605 | D:2      | Found a stormy altar of Qazlal.
  1638 | D:2      | Found a radiant altar of Vehumet.
  1644 | D:2      | Became a worshipper of Vehumet
  1834 | D:2      | Found a runed door.
  1838 | D:2      | Noticed Crazy Yiuf
  1842 | D:2      | Killed Crazy Yiuf
  1842 | D:2      | Gained mutation: You are partially covered in molten scales. (AC +2) [demonic ancestry]
  1842 | D:2      | Reached XP level 4. HP: 30/30 MP: 3/8
  1960 | D:2      | Found a faded altar of an unknown god.
  2007 | D:2      | Learned a level 3 spell: Stone Arrow
  2225 | D:3      | Slain by a wyvern zombie

Skill      XL: |  1  2  3  4 |
---------------+-------------+-----
Earth Magic    | 3 |  3.5
Shields        | 1 2 |  2.2
Dodging        | |  1.7
Stealth        | |  1.7
Spellcasting   | |  2.9
Transmutations | |  0.8

Action                   |  1- 3 |  4- 6 || total
-------------------------+-------+-------++-------
Melee: Club              |    20 |       ||    20
       Whip              |     1 |       ||     1
       Mace              |       |     2 ||     2
 Cast: Sandblast         |    50 |    16 ||    66
  Use: Scroll            |       |    10 ||    10
  Eat: Chunk             |     3 |     1 ||     4
Armor: Robe              |     5 |     2 ||     7
Dodge: Dodged            |    28 |     2 ||    30
Block: Buckler           |     9 |     1 ||    10
